 Dungeon Crawl Stone Soup version 0.25.1-2-g60ff931df9 (webtiles) character file.

Game seed: 15759801530034986936

68 Elvor the Covered (level 4, -5/40 HPs)
             Began as a Minotaur Fighter on Sept 3, 2020.
             Slain by a gnoll (6 damage)
             ... on level 2 of the Dungeon.
             The game lasted 00:06:13 (838 turns).

Elvor the Covered (Minotaur Fighter)                 Turns: 838, Time: 00:06:14

Health: -5/40      AC:  7    Str: 21    XL:     4   Next: 1%
Magic:  3/3        EV:  7    Int:  5    God:
Gold:   123        SH:  9    Dex: 10    Spells: 3/3 levels left

rFire    . . .     SeeInvis .   a - +0 flail
rCold    . . .     Gourm    .   c - +0 kite shield
rNeg     . . .     Faith    .   b - +0 scale mail
rPois    .         Spirit   .   (helmet restricted)
rElec    .         Reflect  .   (no cloak)
rCorr    .         Harm     .   (no gloves)
MR       ++...                  (no boots)
Stlth    ..........             h - amulet of inaccuracy (curse)
HPRegen  0.13/turn              q - ring of protection from magic
MPRegen  0.08/turn              s - ring of protection from magic

@: no status effects
A: retaliatory headbutt, horns 2
a: no special abilities


You were on level 2 of the Dungeon.
You were not hungry.

You visited 1 branch of the dungeon, and saw 2 of its levels.

You collected 123 gold pieces.

Inventory:

Hand Weapons
 a - a +0 flail (weapon)
Armour
 b - a +0 scale mail (worn)
 c - a +0 kite shield (worn)
Jewellery
 h - a cursed amulet of inaccuracy (around neck)
 q - a ring of protection from magic (left hand)
 s - a ring of protection from magic (right hand)
Scrolls
 e - a scroll of immolation {unknown}
 j - a scroll of blinking {unknown}
 k - 3 scrolls of identify {unknown}
 l - a scroll of enchant armour {unknown}
 o - a scroll of teleportation {unknown}
 r - a scroll of amnesia {unknown}
Potions
 d - a potion of might
 g - a potion of curing {unknown}
 i - 2 potions of ambrosia {unknown}
 m - a potion of haste {unknown}
 p - a potion of degeneration {unknown}
Comestibles
 f - 5 rations
 n - a chunk of flesh


   Skills:
 + Level 4.0 Fighting
 * Level 3.5 Maces & Flails
 + Level 4.4 Armour
 + Level 0.4 Dodging
 + Level 4.1 Shields


You had 3 spell levels left.
You didn't know any spells.
Your spell library was empty.

Dungeon Overview and Level Annotations

Branches:
Dungeon (2/15)

Altars:
Wu Jian


Innate Abilities, Weirdness & Mutations

You reflexively headbutt those who attack you in melee.
You have a pair of horns on your head.


Message History

You feel agile. You block the gnoll's attack.
The kobold throws a stone.
The stone barely misses you.
You hit the gnoll. Your headbutt misses the gnoll.
The gnoll is lightly wounded.
The gnoll hits you but does no damage. The gnoll hits you.
* * * LOW HITPOINT WARNING * * *
The gnoll hits you from afar with a +0 spear.
* * * LOW HITPOINT WARNING * * *
You closely miss the gnoll.
The gnoll is lightly wounded.
The gnoll hits you but does no damage.
The gnoll hits you from afar with a +0 spear.
* * * LOW HITPOINT WARNING * * *
You hit the gnoll but do no damage.
The gnoll is lightly wounded.
The gnoll hits you.
* * * LOW HITPOINT WARNING * * *
The gnoll hits you but does no damage. The gnoll hits you.
You die...

... .(. ... ##### #<#
......#.# ......#.#######
(.....sKg.g..$. #g# ....
#@# #..# #.# ##..# #.#
#...# #.# ###.#.######
#.# ##..........####(#
#................########
.................##.....#
.................##.....#


You could see 2 gnolls, a giant cockroach and a kobold.

Vanquished Creatures
  2 gnolls (D:2)
  4 oozes (D:2)
  A dart slug (D:2)
  A leopard gecko (D:1)
  A ball python (D:1)
  3 bats
  A giant cockroach (D:2)
  3 goblins
  3 hobgoblins
  A quokka (D:2)
  4 frilled lizards (D:1)
  3 kobolds
  3 rats
30 creatures vanquished.

Notes
Turn   | Place    | Note
-------+----------+-------------------------------------------
     0 | D:1      | Elvor the Minotaur Fighter began the quest for the Orb.
     0 | D:1      | Reached XP level 1. HP: 19/19 MP: 0/0
   113 | D:1      | Reached XP level 2. HP: 19/27 MP: 1/1
   588 | D:2      | Reached XP level 3. HP: 25/33 MP: 2/2
   763 | D:2      | Found an ornate altar of the Wu Jian Council.
   835 | D:2      | Reached XP level 4. HP: 14/40 MP: 3/3
   837 | D:2      | HP: 2/40 [gnoll/+0 spear (4)]
   838 | D:2      | Slain by a gnoll

Illustrated notes

Levels and vault maps discovered:
D:1:      tarquinn_simple_flora_water_b, layout_basic
D:2:      layout_rooms, lemuel_doored_altar

Skill      XL: |  1  2 |
---------------+-------+-----
Armour         | 4 |  4.4
Fighting       | 4 |  4.0
Maces & Flails | 3 |  3.5
Shields        | 4 |  4.1
Dodging        | |  0.4

Action                   |  1- 3 |  4- 6 || total
-------------------------+-------+-------++-------
Melee: Flail             |    99 |     3 ||   102
       Headbutt          |     9 |       ||     9
Armor: Scale mail        |    45 |     3 ||    48
Dodge: Dodged            |    28 |     1 ||    29
Block: Kite shield       |    44 |     1 ||    45
